 Dungeon Crawl Stone Soup version 0.31-a0-175-g9f7f995f2b (webtiles) character file.

Game seed: 16899074514078369468

58 qw the Chopper (level 4, -2/28 HPs)
             Began as a Gargoyle Fighter on June 17, 2023.
             Slain by Ijyb
             ... wielding a +0 dagger
              (6 damage)
             ... on level 3 of the Dungeon.
             The game lasted 00:00:52 (1889 turns).

qw the Chopper (Gargoyle Fighter)                   Turns: 1889, Time: 00:00:52

Health: -2/28      AC:  0    Str: 21    XL:     4   Next: 2%
Magic:  4/4        EV: 13    Int:  9    God:
Gold:   49         SH:  0    Dex:  9    Spells: 3/3 levels left

rFire   . . .        Y - melded +0 war axe (venom)
rCold   . . .        c - melded +0 buckler
rNeg    + . .        p - melded +0 plate armour
rPois   inf          (helmet currently unavailable)
rElec   .            (cloak currently unavailable)
rCorr   .            (gloves currently unavailable)
SInv    .            g - melded +1 pair of boots
Will    .....        (no amulet)
Stlth   +            j - melded ring of positive energy
HPRegen 0.24/turn    (ring currently unavailable)
MPRegen 0.09/turn

%: no passive effects
@: pig-form, very quick
A: fast, no casting, sickness immunity, AC +3, small, negative energy resistance
1, (electricity resistance), torment resistance 1, petrification resistance
a: no special abilities


You were on level 3 of the Dungeon.
You were a filthy swine.
You visited 1 branch of the dungeon, and saw 3 of its levels.

You collected 49 gold pieces.


Innate Abilities, Weirdness & Mutations

You are a filthy swine.
You move quickly.
Your equipment is almost entirely melded.
You are incapable of wielding weapons or throwing items.
You cannot cast spells.
You are immune to sickness and miasma.
((Your stone body is resilient. (AC +3)))
You are immune to poison.
You resist negative energy. (rN+)
((You are resistant to electric shocks. (rElec)))
You are resistant to unholy torment.
You are immune to petrification.


   Skills:
 - Level 3.2 Fighting
 + Level 3.6 Axes
 - Level 0.6 Throwing
 - Level 3.2 Armour
 - Level 3.2 Shields


You had 3 spell levels left.
You didn't know any spells.
Your spell library was empty.

Inventory:

Hand Weapons
 a - a +0 club
 Y - a +0 war axe of venom (melded)
Armour
 c - a +0 buckler (melded)
 g - a +1 pair of boots (melded)
 p - a +0 plate armour (melded)
Jewellery
 j - a ring of positive energy (melded)
Scrolls
 q - a scroll of identify
Potions
 d - 2 potions of might
 e - a potion of berserk rage {unknown}
 i - a potion of haste {unknown}
 k - a potion of curing {unknown}
 l - a potion of mutation {unknown}
 m - a potion of lignification {unknown}
 n - a potion of brilliance {unknown}
 o - a potion of resistance {unknown}

Dungeon Overview and Level Annotations

Branches:
Dungeon (3/15)

Altars:

Shops:
D:2 :

Annotations:
D:1 1 transporter
D:3 Ijyb


Message History

A ball python comes into view.
You throw a javelin.
The javelin pierces through the ball python!
You kill the ball python!
Ijyb the Twisted Goblin comes into view.
She is wielding a +0 dagger and carrying a wand of polymorph (2).
Ijyb shouts!
Found a stone staircase leading up.
Ijyb hits you but does no damage.
You see here a ball python corpse.
You hit Ijyb but do no damage. You block Ijyb's attack.
You barely miss Ijyb. Ijyb hits you but does no damage.
You barely miss Ijyb.
Ijyb screams, "Die!"
Ijyb hits you with a +0 dagger.
Ijyb zaps a wand.
You turn into a filthy swine.
Your +0 war axe of venom melds into your body.
Your +1 pair of boots melds into your body.
Your +0 buckler melds into your body.
Your +0 plate armour melds into your body.
Your ring of positive energy melds into your body.
Your +0 war axe of venom stops dripping with poison.
You hit Ijyb.
Ijyb is lightly wounded.
Ijyb hits you with a +0 dagger.
You hit Ijyb but do no damage.
Ijyb is lightly wounded.
Ijyb hits you with a +0 dagger.
You hit Ijyb.
Ijyb is moderately wounded.
Ijyb hits you with a +0 dagger.
You closely miss Ijyb.
Ijyb is moderately wounded.
You hit Ijyb.
Ijyb is moderately wounded.
Ijyb hits you with a +0 dagger!
You hit Ijyb but do no damage.
Ijyb is moderately wounded.
Ijyb hits you with a +0 dagger.
You die...

### ## #.. ....# ..
#.# .#..# #.
#.#######.#..#
#.###.#.....#.#<.###
#.......##....#....
#.%#.......#..#..#
#.#.#.#.##...##..#
.. #.#.........hg(#
##
#.#.#.###...........
#.#.#.# #####.$.....
#.#.#.# .######
#.#.#.# .# #.....#
.# ###.#.#######.#
#.#.........#
#.#.#######


You could see Ijyb.

Vanquished Creatures
  A worm (D:2)
  A dart slug (D:2)
  2 bats (D:1)
  5 endoplasms
  2 giant cockroaches (D:2)
  A goblin (D:2)
  9 hobgoblins
  8 jackals (D:2)
  2 quokkas
  5 ball pythons
  4 frilled lizards
  5 kobolds
  3 rats
48 creatures vanquished.

Notes
Turn   | Place    | Note
-------+----------+-------------------------------------------
     0 | D:1      | qw the Gargoyle Fighter began the quest for the Orb.
     0 | D:1      | Reached XP level 1. HP: 14/14 MP: 1/1
     0 | D:1      | 0 ||| qw: Version: 0.3-a-2-g5ab2908
     0 | D:1      | 0 ||| qw: Game counter: 352
     0 | D:1      | 0 ||| qw: Always use a shield: true
     0 | D:1      | 0 ||| qw: God list: Okawaru
     0 | D:1      | 0 ||| qw: Allow faded altars: false
     0 | D:1      | 0 ||| qw: Do Orc after D:15 true
     0 | D:1      | 0 ||| qw: Do second Lair branch before Depths: true
     0 | D:1      | 0 ||| qw: Lair rune preference: random
     0 | D:1      | 0 ||| qw: Plans: Normal, Zot:1-4, Slime:5, God:TSO, Crypt,
                  | Tomb, Abyss, Pan, Hells, Win
     0 | D:1      | 0 ||| PLANNING D:1-11
   308 | D:1      | Reached XP level 2. HP: 19/19 MP: 2/2
   366 | D:1      | 366 ||| Stepping ~*~*~tactically~*~*~ (stealth).
   414 | D:1      | You fall into a shaft and drop 1 floor!
   539 | D:2      | Reached skill level 3 in Axes
   569 | D:2      | 569 ||| UPGRADING to +0 pair of boots.
   574 | D:2      | 574 ||| UPGRADING to ring of positive energy.
   575 | D:2      | 575 ||| READING scroll labelled JUSUTHRUIHY.
   576 | D:2      | 576 ||| READING scroll labelled MAULAIR KISS.
   577 | D:2      | 577 ||| READING 2 scrolls labelled ULUOLA QOFIQO.
   578 | D:2      | 578 ||| READING scroll of brand weapon.
   578 | D:2      | 578 ||| BRANDING +0 war axe of protection.
   579 | D:2      | 579 ||| READING scroll labelled ANONIT ROGEEDE.
   580 | D:2      | 580 ||| READING scroll labelled PUC HARAGESYDU.
   581 | D:2      | 581 ||| READING 2 scrolls labelled REKHLA ZOIDE.
   582 | D:2      | 582 ||| READING 2 scrolls labelled RESUHA UTEQ.
   583 | D:2      | 583 ||| READING scroll of enchant armour.
   583 | D:2      | 583 ||| ENCHANTING +0 pair of boots.
   584 | D:2      | 584 ||| DROPPING scroll of summoning.
   978 | D:2      | Reached XP level 3. HP: 9/23 MP: 3/3
   983 | D:2      | 983 ||| FLEEEEING.
   984 | D:2      | 984 ||| STAIRDANCE
  1057 | D:2      | Found Ysolacsu's Vocational Training.
  1077 | D:2      | 1077 ||| Stepping ~*~*~tactically~*~*~ (hiding).
  1078 | D:2      | 1078 ||| Stepping ~*~*~tactically~*~*~ (hiding).
  1079 | D:2      | 1079 ||| Stepping ~*~*~tactically~*~*~ (hiding).
  1080 | D:2      | 1080 ||| Stepping ~*~*~tactically~*~*~ (hiding).
  1081 | D:2      | 1081 ||| Stepping ~*~*~tactically~*~*~ (hiding).
  1819 | D:2      | 1819 ||| UPGRADING to +0 plate armour.
  1829 | D:2      | 1829 ||| DROPPING +0 scale mail.
  1830 | D:2      | 1830 ||| READING scroll labelled XALIDW VUPIS.
  1833 | D:2      | 1833 ||| READING scroll labelled BYC NYEWUT.
  1852 | D:3      | Reached XP level 4. HP: 28/28 MP: 4/4
  1877 | D:3      | Noticed Ijyb
  1888 | D:3      | HP: 4/28 [Ijyb/+0 dagger (7)]
  1889 | D:3      | Slain by Ijyb

Levels and vault maps discovered:
D:1:      spicycebolla_arrival_risky_transporter, layout_basic
D:2:      layout_basic, serial_curves, eino_curves_01, eino_curves_02,
          nicolae_shop_vocational
D:3:      layout_loops_ring, mainiacjoe_overflow_catwalk_spiral, uniq_terence,
          uniq_natasha, uniq_ijyb

Skill      XL: |  1  2 |
---------------+-------+-----
Axes           | 2 3 |  3.6
Fighting       | |  3.2
Throwing       | |  0.6
Armour         | |  3.2
Shields        | |  3.2

Action                     |  1- 3 |  4- 6 || total
---------------------------+-------+-------++-------
  Melee: War axe           |   105 |     6 ||   111
         Unarmed           |       |     6 ||     6
  Throw: Javelin           |    17 |     1 ||    18
    Use: Scroll            |    11 |       ||    11
 Armour: Scale mail        |    57 |       ||    57
         Plate armour      |       |     4 ||     4
  Dodge: Dodged            |    43 |     1 ||    44
  Block: Buckler           |    31 |     1 ||    32

Table legend:
 A = Non-vault XP
 B = Vault XP
 C = Vault XP percentage of total XP
 D = Non-vault monster count
 E = Vault monster count
 F = Vault count percentage of total count
                 A         B        C        D         E       F
            +---------+---------+-------+---------+---------+-------
      Total |      84 |       0 |   0.0 |      48 |       0 |   0.0
            +---------+---------+-------+---------+---------+-------
        D:1 |      21 |       0 |   0.0 |      13 |       0 |   0.0
        D:2 |      59 |       0 |   0.0 |      32 |       0 |   0.0
        D:3 |       4 |       0 |   0.0 |       3 |       0 |   0.0
            +---------+---------+-------+---------+---------+-------
